 Dungeon Crawl Stone Soup version 0.23.2-33-g5129a83184 (console) character file.

Game seed: 13553345279907585284

141 Eclipse the Skirmisher (level 4, -1/57 HPs)
             Began as a Demigod Wanderer on July 14, 2019.
             Slain by Grinder (3 damage)
             ... on level 3 of the Dungeon.
             The game lasted 00:06:07 (2837 turns).

Eclipse the Skirmisher (Demigod Wanderer)           Turns: 2837, Time: 00:06:08

Health: -1/57      AC: 22    Str: 17    XL:     4   Next: 73%
Magic:  10/10      EV:  2    Int: 18    God:
Gold:   234        SH:  0    Dex: 18    Spells: 6/7 levels left

rFire    . . .     SeeInvis .   a - +2 mace
rCold    . . .     Gourm    .   (no shield)
rNeg     + + +     Faith    .   (armour currently unavailable)
rPois    +         Spirit   .   (helmet currently unavailable)
rElec    .         Reflect  .   (cloak currently unavailable)
rCorr    .         Harm     .   (gloves currently unavailable)
MR       .....     NoTele   +   (boots currently unavailable)
Stlth    ++........             (no amulet)
HPRegen  0.19/turn              (no ring)
MPRegen  0.12/turn              (no ring)

@: mighty, tree-form
A: high mp 1
a: no special abilities


You were on level 3 of the Dungeon.
You were not hungry.
You were a tree.
You visited 1 branch of the dungeon, and saw 3 of its levels.

You collected 234 gold pieces.

Inventory:

Hand Weapons
 a - a +2 mace (weapon)
 d - a +0 dagger
Missiles
 e - 63 stones (quivered)
Armour
 b - a +0 ring mail
 m - a +1 pair of gloves of archery (melded)
 s - a cursed +0 robe (melded)
Scrolls
 j - 2 scrolls of teleportation {unknown}
 k - a scroll of amnesia {unknown}
 l - a scroll of enchant armour {unknown}
 n - 4 scrolls of identify {unknown}
 o - a scroll of immolation {unknown}
 q - a scroll of fog {unknown}
 r - a scroll of remove curse {unknown}
Potions
 g - a potion of might
 i - 2 potions of brilliance
Comestibles
 f - 7 rations
 h - 4 chunks of flesh


   Skills:
 - Level 3.0 Fighting
 - Level 1.0 Short Blades
 - Level 3.0 Maces & Flails
 - Level 1.0 Armour
 - Level 1.7 Stealth
   Level 1.7 Shields
 * Level 2.2 Spellcasting
 + Level 0.1 Hexes


You had 6 spell levels left.
You knew the following spells:

 Your Spells              Type           Power        Failure   Level  Hunger
a - Corona                Hex            #......      17%         1    #......

Your spell library contained the following spells:

 Spells                   Type           Power        Failure   Level  Hunger
 Ensorcelled Hibernation  Hex/Ice        #.....       26%         2    ##.....
 Confuse                  Hex            #.......     45%         3    ###....
 Dazzling Spray           Conj/Hex       #.....       45%         3    ###....
 Tukima's Dance           Hex            #.......     45%         3    ###....


Dungeon Overview and Level Annotations

Branches:
Dungeon (3/15)

Annotations:
D:2 2 transporters, Natasha, Sigmund
D:3 Grinder


Innate Abilities, Weirdness & Mutations

You have an increased reservoir of magic. (+10% MP)


Message History

Unknown command.
It was a potion of lignification.
You turn into a tree.
Your +1 pair of gloves of archery melds into your body.
Your cursed +0 robe melds into your body.
Your aim is not that steady anymore.
Your roots penetrate the ground.
Grinder hits you but does no damage.
Unknown command.
Okay, then.
Unknown command.
You barely miss Grinder.
Grinder is moderately wounded.
Grinder hits you but does no damage.
Unknown command.
You hit Grinder.
Grinder is moderately wounded.
Grinder hits you but does no damage.
You thump Grinder!
Grinder is heavily wounded.
Grinder hits you but does no damage. Grinder hits you.
You die...

###.# ##.......
## #.....
##.....# #..
....... #....##
#.#
#.#.#...###......
#.#
#.#.......†...###
#.#
#.###...###)#....
#.## #.# #.# ##.
##.#####
#.##.##.###5# #
#..#
..........♣.#
#.##
#.##.##.##### #.#
.#
##.##.##.########
#.# ...
.....##.........
#.# #5#
#.........#####
#.# #.#
#.#####.#.# #.# #
#.# #..# #.#.#
#.# #.#.# ##.##
#.#.# #.######
#.#.###...###.#.#
#.......


You could see Grinder.

Vanquished Creatures
  A hound skeleton (D:2)
  6 adders
  A worm (D:3)
  2 dart slugs
  3 leopard geckos
  5 orcs (D:3)
  8 bats
  5 giant cockroaches
  6 goblins
  6 hobgoblins
  2 jackals (D:3)
  9 kobolds
  4 frilled lizards
  3 rats
61 creatures vanquished.

Notes
Turn   | Place    | Note
-------+----------+-------------------------------------------
     0 | D:1      | Eclipse the Demigod Wanderer began the quest for the Orb.
     0 | D:1      | Eclipse set off with the following items: a +2 mace, a +0
                  | ring mail, a potion of curing, a +0 dagger, a ration
     0 | D:1      | Reached XP level 1. HP: 17/17 MP: 3/3
   309 | D:1      | Reached XP level 2. HP: 25/25 MP: 4/4
   885 | D:2      | Reached XP level 3. HP: 28/31 MP: 5/5
   956 | D:2      | Found a bloodstained altar of Trog.
   956 | D:2      | Found a shadowy altar of Dithmenos.
   961 | D:2      | Found a transporter.
   961 | D:2      | Noticed a black bear
   980 | D:2      | Found a transporter.
   983 | D:2      | Learned a level 1 spell: Corona
  1082 | D:2      | Found a sparkling altar of Nemelex Xobeh.
  1160 | D:2      | Noticed Sigmund
  1286 | D:2      | Noticed Natasha
  1434 | D:3      | Noticed Grinder
  1450 | D:2      | Reached skill level 1 in Spellcasting
  1450 | D:2      | Reached XP level 4. HP: 21/38 MP: 6/8
  1728 | D:3      | Paralysed by Grinder for 6 turns
  2833 | D:3      | HP: 1/38 [Grinder (8)]
  2837 | D:3      | Slain by Grinder

Skill      XL: |  1  2  3  4 |
---------------+-------------+-----
Fighting       | 2 3 |  3.0
Maces & Flails | 2 3 |  3.0
Spellcasting   | 1 2 |  2.2
Short Blades   | |  1.0
Armour         | |  1.0
Stealth        | |  1.7
Shields        | |  1.7
Hexes          | |  0.1

Action                   |  1- 3 |  4- 6 || total
-------------------------+-------+-------++-------
Melee: Mace              |   103 |    78 ||   181
Throw: Stone             |     2 |       ||     2
 Cast: Corona            |       |     3 ||     3
  Use: Potion            |       |     7 ||     7
 Stab: Sleeping          |     1 |     3 ||     4
  Eat: Chunk             |     1 |     2 ||     3
       Ration            |       |     1 ||     1
Armor: Ring mail         |    41 |       ||    41
       Robe              |     4 |    23 ||    27
       Skin              |       |     4 ||     4
Dodge: Dodged            |    59 |    42 ||   101
